[Event "Early-Titled-Tuesday-Blitz-February-20-2024"]
[Site "Chess.com"]
[Date "2024.02.20"]
[Round "5"]
[White "ilqar_74"]
[Black "AnishOnYoutube"]
[Result "0-1"]
[WhiteElo "2843"]
[BlackElo "3013"]
[TimeControl "180+1"]
[EndTime "8:56:46 PST"]
[Termination "AnishOnYoutube won by resignation"]

1. e4 c5 2. Nf3 e6 3. d4 cxd4 4. Nxd4 Nc6 5. Nxc6 bxc6 6. Bd3 Qc7 7. O-O Nf6 8. Nc3 d5 9. Qf3 Bd6 10. h3 O-O 11. Re1 Bh2+ 12. Kh1 Be5 13. Bg5 h6 14. Bh4 Bd7 15. Rad1 Rab8 16. exd5 cxd5 17. Rxe5 Qxe5 18. Bg3 Qh5 19. Qxh5 Nxh5 20. Bxb8 Rxb8 21. b3 Nf4 22. Ne2 Nxd3 23. Rxd3 Bb5 24. Rd2 Bxe2 25. Rxe2 g5 26.
Kg1 Kf8 27. Kf1 Ke7 28. Ke1 Kd6 29. Kd2 e5 30. c3 f5 31. Kc2 h5 32. Rd2 h4 33. f3 a5 34. a3 Rc8 35. b4 axb4 36. axb4 d4 37. Rd3 Kd5 38. Kb3 Rc4 39. cxd4 exd4 40.
Rd2 Rc3+ 41. Kb2 Kc4 42. Re2 Re3 43. Rd2 Rb3+ 44. Kc2 Rxb4 45. Rd1 Ra4 46. Kb2 d3 47. f4 Rb4+ 48. Ka3 Rb3+ 49. Ka4 gxf4 50. Rf1 Rb4+ 51. Ka3 Kc3 52. Rf3 Rd4 53. Ka2 Kc2 54. Ka3 d2 0-1

[Event "Early-Titled-Tuesday-Blitz-February-20-2024"]
[Site "Chess.com"]
[Date "2024.02.20"]
[Round "5"]
[White "Makswolf200817"]
[Black "wonderfultime"]
[Result "0-1"]
[WhiteElo "2747"]
[BlackElo "3060"]
[TimeControl "180+1"]
[EndTime "8:56:46 PST"]
[Termination "wonderfultime won on time"]

1. d4 d5 2. c4 c6 3. Nf3 Nf6 4.
g3 g6 5. Bg2 Bg7 6. O-O O-O 7. a4 a5 8. cxd5 Nxd5 9. Na3 Nb4 10. e4 Nd7 11. Qe2 Nf6 12. Rd1 Be6 13. Qe3 h6 14. h3 Qd7 15. Kh2 Rad8 16. Bd2 Nh7 17. Be1 Qc8 18. Rac1 Qa8 19. Nc4 Qa6 20. Bf1 Qa7 21.
b3 Kh8 22. Qd2 Nf6 23. Qe3 Bg4 24. Be2 Bxf3 25. Bxf3 Nd7 26. Bxb4 axb4 27. e5 Nb6 28. Nd2 Nd5 29. Bxd5 Rxd5 30. Nf3 Rfd8 31. Rc4 c5 32. Qf4 Kg8 33. Kg2 e6 34. Rd3 b6 35. Rd2 Qb7 36. Kg1 Qd7 37. Rd1 Bf8 38. Re1 cxd4 39. Nd2 d3 40.
Rd1 Bg7 41. Qe3 Rxe5 42. Qxb6 Re2 43. Nf3 Qd5 44. Rf4 e5 45. Rxb4 Qxf3 46. Qxd8+ Kh7 47. Qb6 e4 48. Rf1 e3 0-1

[Event "Early-Titled-Tuesday-Blitz-February-20-2024"]
[Site "Chess.com"]
[Date "2024.02.20"]
[Round "5"]
[White "rhungaski"]
[Black "BardArtem"]
[Result "0-1"]
[WhiteElo "2573"]
[BlackElo "2778"]
[TimeControl "180+1"]
[EndTime "8:56:46 PST"]
[Termination "BardArtem won by checkmate"]

1. e4 e5 2. Nf3 Nc6 3. d4 exd4 4. Nxd4 Bb4+ 5. c3 Bc5 6. Be3 Bb6 7. Nc2 Nf6 8. Nd2 O-O 9. f4 Bxe3 10. Nxe3 Re8 11.
Qf3 d5 12. e5 d4 13. Nec4 dxc3 14. bxc3 Qd5 15. Be2 Qxf3 16. Bxf3 Be6 17. Ne3 Nd7 18. O-O Nc5 19. Ne4 Nxe4 20. Bxe4 Rad8 21. Bxc6 bxc6 22. Rfd1 Kf8 23. Kf2 Ke7 24. f5 Bc8 25. Kf3 g6 26. g4 Ba6 27. Kf4 Rb8 28. Rd4 Kf8 29. Rd7 Rb5 30. e6 fxe6 31. f6 g5+ 32. Kf3 Re5 33.
Rxh7 Bd3 34. Rxc7 a5 35. h4 gxh4 36. Rg1 h3 37. Nf1 Bxf1 38. Rxf1 Rc5 39. Kg3 Rxc3+ 40. Kh4 h2 41. Rh1 Rc2 42. Kg5 Rd8 43. Kg6 Rg2 44.
g5 Ke8 45. Rh7 Rd5 46. Rh8+ Kd7 47. f7 Rdxg5+ 48. Kh7 Rh5# 0-1

[Event "Early-Titled-Tuesday-Blitz-February-20-2024"]
[Site "Chess.com"]
[Date "2024.02.20"]
[Round "5"]
[White "Karina_Ivanova"]
[Black "ajeale2"]
[Result "0-1"]
[WhiteElo "2274"]
[BlackElo "2497"]
[TimeControl "180+1"]
[EndTime "8:56:47 PST"]
[Termination "ajeale2 won on time"]

1. c4 Nf6 2. Nc3 g6 3. d4 Bg7 4. Nf3 O-O 5. g3 d5 6. cxd5 Nxd5 7. Bg2 Nxc3 8. bxc3 c5 9. O-O Qa5 10. Bd2 Rd8 11. Qc2 Nc6 12. Rac1 Be6 13. c4 Nb4 14. d5 Bg4 15. Qb1 Rd7 16. h3 Bxf3 17. Bxf3 Qa3 18. Bxb4 cxb4 19. Qb3 a5 20. Qxa3 bxa3 21. c5 Rc8 22. Rc4 Rdc7 23. Rfc1 Bb2 24. R1c2 b5 25.
Re4 Rxc5 26. Rxc5 Rxc5 27. Rxe7 Kf8 28. Ra7 Rc1+ 29. Kg2 b4 30. d6 b3 31. d7 Bf6 32.
axb3 a2 33. Rxa5 a1=Q 34. Rxa1 Rxa1 35. Bc6 Bd8 36. Ba4 Ke7 37. e4 Kd6 38. f4 Kc7 39. e5 Be7 40. Kf3 f5 41. exf6 Bxf6 42. g4 Bd4 43. g5 Bc5 44. Ke4 Bd6 45. f5 Re1+ 46.
Kd5 gxf5 0-1

[Event "Early-Titled-Tuesday-Blitz-February-20-2024"]
[Site "Chess.com"]
[Date "2024.02.20"]
[Round "5"]
[White "LyonBeast"]
[Black "VladimirKramnik"]
[Result "1/2-1/2"]
[WhiteElo "3183"]
[BlackElo "2964"]
[TimeControl "180+1"]
[EndTime "8:56:48 PST"]
[Termination "Game drawn by repetition"]

1. e4 e5 2. Nf3 Nc6 3. Bc4 Bc5 4. c3 Nf6 5. d3 d6 6. a4 a5 7. Bg5 h6 8. Bh4 g5 9. Bg3 Qe7 10. Na3 Nh5 11. Nc2 Nf4 12. Rg1 Bb6 13. Ne3 Bxe3 14. fxe3 Ng6 15. Rf1 Be6 16. Nd2 h5 17. Qb3 O-O-O 18.
O-O-O h4 19. Be1 Kb8 20. Bd5 Qd7 21. Nc4 Nge7 22. Qb5 Rhf8 23. d4 exd4 24. exd4 Bg4 25. Rd2 Nxd5 26. exd5 Ne7 27. Ne3 Qxb5 28. axb5 Bd7 29. c4 f5 30. Rdf2 f4 31. Bxa5 Rfe8 32. Nc2 Nf5 33. b6 cxb6 34. Bxb6 Rc8 35. b3 h3 36.
gxh3 Ne3 37. Nxe3 Rxe3 38. Kb2 Bxh3 39. Rg1 f3 40. Rxg5 Re2+ 41. Rxe2 fxe2 42. Ba5 Re8 43. Be1 b6 44. Rg6 Kc7 45. Rg7+ Kc8 46. Kc3 Re3+ 47. Kb4 Rd3 48. Re7 Bg4 49. h4 Rd1 50. Bc3 Rd3 51.
Re8+ Kd7 52. Re4 Bf3 53. Re6 Bg4 54. Re4 Bf3 55. Re6 Bg4 56. Re4 1/2-1/2

[Event "Early-Titled-Tuesday-Blitz-February-20-2024"]
[Site "Chess.com"]
[Date "2024.02.20"]
[Round "5"]
[White "Karttunen"]
[Black "Chessmissile07"]
[Result "0-1"]
[WhiteElo "2671"]
[BlackElo "2888"]
[TimeControl "180+1"]
[EndTime "8:56:48 PST"]
[Termination "Chessmissile07 won on time"]

1. d4 a6 2. e4 d6 3. Bd3 g6 4.
f4 Bg7 5. Nf3 c5 6. d5 Nf6 7. c4 O-O 8. Nc3 b5 9. O-O b4 10. Ne2 Bg4 11. h3 Bxf3 12. Rxf3 Nbd7 13. Be3 e6 14. Qd2 exd5 15. exd5 Qc7 16. g4 Rae8 17. Kg2 Nb6 18. Ng3 a5 19. Raf1 Nfd7 20. g5 Na4 21.
Rb1 f6 22. h4 Rf7 23. Qc2 Nab6 24. Rh1 f5 25. h5 Nf8 26. Bd2 a4 27. Qb1 b3 28. a3 Rfe7 29. Qc1 Qc8 30. Bc3 Bxc3 31. Qxc3 Rg7 32. hxg6 hxg6 33. Nf1 Rh7 34. Rfh3 Nbd7 35. Rxh7 Nxh7 36. Bxf5 gxf5 37. g6 Nhf6 38. Qh3 Kf8 39.
Qh8+ Ke7 40. Qg7+ Kd8 41. Rh7 Qa6 42. Rh8 Qxc4 43. Rxe8+ Nxe8 44. Qf7 Qc2+ 45. Kf3 Qxb2 46. Ne3 Qf6 47. Nxf5 b2 0-1

[Event "Early-Titled-Tuesday-Blitz-February-20-2024"]
[Site "Chess.com"]
[Date "2024.02.20"]
[Round "5"]
[White "snowlord"]
[Black "malakismayil"]
[Result "1-0"]
[WhiteElo "2880"]
[BlackElo "2526"]
[TimeControl "180+1"]
[EndTime "8:56:48 PST"]
[Termination "snowlord won by checkmate"]

1. e4 e5 2. Bc4 Nc6 3. Nc3 Nf6 4.
d3 Bc5 5. Na4 Be7 6. Nf3 d6 7.
a3 O-O 8. O-O Bg4 9. Be3 Nd4 10.
Bxd4 exd4 11. b4 Nd7 12. h3 Bxf3 13. Qxf3 Ne5 14. Qe2 Nxc4 15. dxc4 c5 16. bxc5 dxc5 17. Nb2 b6 18. a4 Bd6 19. f4 Re8 20. Qf3 Bc7 21.
Nd3 f6 22. a5 bxa5 23. Nxc5 Bb6 24. Nd3 Qc7 25. c5 Bxc5 26. e5 Bb6 27. Rf2 f5 28. g4 Qd7 29. Rg2 Rac8 30. Kh2 Rc7 31. Rag1 Rec8 32. Qg3 Rxc2 33. gxf5 Rxg2+ 34. Rxg2 Rc7 35.
f6 g6 36. Qg5 Qf7 37. f5 Rc3 38. e6 Qf8 39. f7+ Kg7 40. f6+ Kh8 41. Qd5 Rxd3 42.
e7 Qb8+ 43. Kh1 Rd1+ 44. Rg1 Rxg1+ 45. Kxg1 Qg3+ 46. Qg2 Qe1+ 47. Qf1 d3+ 48. Kg2 Qe4+ 49. Qf3 Qxf3+ 50. Kxf3 d2 51. f8=Q# 1-0

[Event "Early-Titled-Tuesday-Blitz-February-20-2024"]
[Site "Chess.com"]
[Date "2024.02.20"]
[Round "5"]
[White "esrosenberg"]
[Black "LeninGuerra"]
[Result "0-1"]
[WhiteElo "2416"]
[BlackElo "2564"]
[TimeControl "180+1"]
[EndTime "8:56:48 PST"]
[Termination "LeninGuerra won by resignation"]

1. c4 e6 2. g3 Nf6 3. Bg2 c5 4. Nf3 Be7 5. O-O O-O 6. b3 Nc6 7. Bb2 d6 8. d4 cxd4 9. Nxd4 Bd7 10.
Nd2 Rc8 11. e4 Qc7 12. f4 a6 13. Qe2 Nxd4 14. Bxd4 Bc6 15. Rae1 Rfd8 16. Qf2 Nd7 17. f5 e5 18. Be3 b5 19. g4 Bf8 20. g5 Qb7 21. g6 Nf6 22. gxf7+ Qxf7 23. Kh1 bxc4 24.
bxc4 Ba4 25. Rg1 Bc2 26. Bf3 Bd3 27. Rg3 Rxc4 28. Reg1 Rc2 29. Bh6 Nxe4 30. Bxe4 Rxd2 31. Qxd2 Bxe4+ 32. R1g2 Bxg2+ 33. Kxg2 Kh8 34. Bg5 Rc8 35. f6 gxf6 36. Bh4 Bg7 37. Qxd6 Qxa2+ 38. Kh3 Qf7 39. Qxa6 Qd7+ 40. Kg2 Rc2+ 41. Kh1 Qd5+ 42.
Kg1 Rc1+ 43. Kf2 Qd2+ 44. Qe2 Qxe2+ 45. Kxe2 Rc2+ 46. Kf3 Rxh2 47. Kg4 f5+ 48. Kg5 h6+ 49. Kh5 Bf6 50. Kg6 Bxh4 51. Ra3 Rg2+ 52. Kxh6 Bg5+ 53.
Kh5 Kg7 54. Ra6 Be3 55. Kh4 Rh2+ 56. Kg3 Bf4+ 57. Kf3 Rh3+ 58. Kg2 Rc3 59. Re6 e4 60. Re7+ Kf6 61. Rd7 Rc2+ 62. Kf1 Be3 63. Ke1 f4 64. Rd6+ Kf5 65. Rc6 Rxc6 0-1

[Event "Early-Titled-Tuesday-Blitz-February-20-2024"]
[Site "Chess.com"]
[Date "2024.02.20"]
[Round "5"]
[White "simonachess"]
[Black "dimoni64"]
[Result "1-0"]
[WhiteElo "2302"]
[BlackElo "2091"]
[TimeControl "180+1"]
[EndTime "8:56:48 PST"]
[Termination "simonachess won by checkmate"]

1. d4 d5 2. c4 e6 3. Nc3 Nf6 4. Nf3 Be7 5. Bf4 O-O 6. e3 c5 7. cxd5 exd5 8. Bd3 Nc6 9. O-O cxd4 10. Nxd4 Nxd4 11. exd4 Bg4 12. Qb3 Bd6 13. Bg5 Be6 14.
Rac1 Be7 15. Nb5 a6 16. Nc7 Rc8 17. Qxb7 Rb8 18. Nxe6 fxe6 19. Qxa6 Rxb2 20. Qxe6+ Kh8 21. a4 Ra2 22. Bb5 h6 23. Bh4 Bd6 24. Bxf6 Rxf6 25.
Qe8+ Qxe8 26. Bxe8 Rf4 27. Bg6 Rxa4 28. g3 Rf8 29. Rfd1 Ba3 30. Rb1 Rfa8 31. Rb5 Kg8 32.
Rxd5 Bb2 33. Rd7 Kf8 34. Rf7+ Kg8 35. Rd7 Kf8 36. h4 R4a7 37. Rxa7 Rxa7 38. d5 Rd7 39. Bf5 Rd6 40. Be6 Ke7 41. Rb1 Be5 42. Rb7+ Kf6 43.
Rf7+ Kg6 44. g4 Rd8 45. h5+ Kh7 46. Kg2 Kg8 47. f4 Kh8 48. fxe5 Re8 49. Kf3 Rxe6 50. dxe6 Kg8 51. Rf5 Kh8 52. e7 g6 53. e8=Q+ Kh7 54. Rf7# 1-0

[Event "Early-Titled-Tuesday-Blitz-February-20-2024"]
[Site "Chess.com"]
[Date "2024.02.20"]
[Round "5"]
[White "JonaszBaum"]
[Black "Grandelicious"]
[Result "0-1"]
[WhiteElo "2683"]
[BlackElo "2895"]
[TimeControl "180+1"]
[EndTime "8:56:49 PST"]
[Termination "Grandelicious won by resignation"]

1. Nf3 d6 2. d4 Nf6 3. c4 g6 4. Nc3 Bg7 5. g3 O-O 6. Bg2 c6 7. O-O Nbd7 8. Qc2 Nb6 9. b3 d5 10. c5 Bf5 11. Qb2 Nbd7 12. b4 Ne4 13. Bf4 b6 14. Nxe4 Bxe4 15. Ne5 Nxe5 16. Bxe5 Bxe5 17. dxe5 Bxg2 18. Kxg2 bxc5 19. bxc5 Rb8 20. Qd4 Qa5 21. a4 Qb4 22. Qxb4 Rxb4 23. Rab1 Rfb8 24. Rxb4 Rxb4 25. Ra1 Kf8 26. e3 Ke8 27. a5 Kd7 28. a6 Kc7 29.
f4 Rb5 30. Kf3 Rxc5 31. h4 h5 32. g4 hxg4+ 33. Kxg4 Kb6 34. e6 fxe6 35. Kg5 Rc3 36. Re1 e5 37. Kxg6 exf4 38. exf4 Rg3+ 39. Kf5 c5 40.
Re6+ Kb5 41. Rxe7 d4 42. Rxa7 d3 43. h5 c4 44. h6 d2 45. Rd7 Rd3 46. Rxd3 cxd3 47. a7 d1=Q 48. a8=Q Qh5+ 49. Kf6 Qxh6+ 50. Ke5 Qc6 51. Qb8+ Kc4 52. Qd8 Kc3 53. f5 d2 54.
Qd4+ Kc2 55. f6 d1=Q 56. Qxd1+ Kxd1 57. Kf5 Qe8 0-1

[Event "Early-Titled-Tuesday-Blitz-February-20-2024"]
[Site "Chess.com"]
[Date "2024.02.20"]
[Round "5"]
[White "ChessBliss09"]
[Black "Herman-NY"]
[Result "0-1"]
[WhiteElo "2161"]
[BlackElo "2542"]
[TimeControl "180+1"]
[EndTime "8:56:49 PST"]
[Termination "Herman-NY won by checkmate"]

1. c4 Nf6 2. Nc3 g6 3. e4 d6 4. g3 Bg7 5. Bg2 O-O 6. Nge2 c5 7. O-O Nc6 8. d4 cxd4 9. Nxd4 Nxe4 10. Nxc6 Nxc3 11. Nxd8 Nxd1 12. Nxb7 Bxb7 13. Rxd1 Bxg2 14.
Kxg2 Rab8 15. Rb1 Rfc8 16. b3 Rxc4 17. Be3 Rc7 18. Rdc1 Rbc8 19. Rxc7 Rxc7 20. Rc1 Rxc1 21. Bxc1 d5 22. b4 a6 23. a4 Kf8 24. Kf3 Ke8 25. Ke2 Kd7 26. Kd3 e5 27. Bd2 e4+ 28. Kc2 Kc6 29.
Kb3 f5 30. Be3 d4 31. Bd2 Kd5 32. b5 axb5 33. axb5 d3 34. Be3 Be5 35. Kb4 Bc7 36. Kc3 Ba5+ 37. Kb3 Bd8 38. h4 Ba5 39. Kb2 Bc7 40. Kc3 Be5+ 41. Kb3 Bc7 42. b6 Bb8 43. Kb4 Kc6 44. Ka5 Kb7 45. Kb5 Be5 46. Kc4 Bf6 47.
Kb3 Bd8 48. Kb4 Bxb6 49. Bc1 Bxf2 50. Kc3 Bxg3 51. h5 gxh5 52. Be3 h4 53. Kd2 h3 54.
Bg1 Bf4+ 55. Ke1 Kc6 56. Kf2 Kd5 57. Ke1 Kc4 58. Kd1 Kb3 59. Bd4 h2 60. Bf2 h1=Q+ 61. Be1 Qh5# 0-1

[Event "Early-Titled-Tuesday-Blitz-February-20-2024"]
[Site "Chess.com"]
[Date "2024.02.20"]
[Round "5"]
[White "Cuchulin"]
[Black "topce"]
[Result "0-1"]
[WhiteElo "2064"]
[BlackElo "2374"]
[TimeControl "180+1"]
[EndTime "8:56:49 PST"]
[Termination "topce won by resignation"]

1. d4 Nf6 2. Bf4 d5 3. e3 c5 4. Nc3 a6 5. dxc5 Nc6 6. Nf3 e6 7. Na4 Bxc5 8. Nxc5 Qa5+ 9. c3 Qxc5 10. Be2 b5 11.
O-O Bb7 12. a4 O-O 13. axb5 axb5 14. Qb3 b4 15. Nd4 Nxd4 16. exd4 Qb6 17. Qxb4 Qxb4 18.
cxb4 Nd7 19. b5 Nb6 20. Bd6 Rfc8 21. Bc5 Nc4 22. b4 Rxa1 23. Rxa1 Ra8 24. Rxa8+ Bxa8 25. Kf1 f6 26. Ke1 Kf7 27. Kd1 e5 28. Kc2 Ke6 29.
Kb3 Nd2+ 30. Ka4 Ne4 31. f3 Nc3+ 32. Ka5 Nxe2 33. Ka6 Nc3 34. b6 e4 35. fxe4 dxe4 36. b7 Bxb7+ 37. Kxb7 Kd5 38. Ka6 Kc4 39. Kb6 e3 40. d5 Nxd5+ 41. Kc6 e2 42. Bf2 Nxb4+ 43. Kd6 Nd3 44. Bg3 Kd4 45. Ke6 Ke4 46. Kf7 g5 47. Kxf6 g4 48. Kg5 Nf4 49. Kxg4 Nxg2 50.
Kh5 Kf5 51. Kh6 Kg4 52. Kxh7 Kh3 53. Kg6 Ne3 54. Kf6 Ng4+ 55. Kf5 Nxh2 56. Be1 Nf3 57. Ba5 Kg2 58. Ke4 Nh2 59. Ke3 Kf1 60. Bb4 Ng4+ 61. Kf4 Nf6 62. Ke3 Nd5+ 0-1

[Event "Early-Titled-Tuesday-Blitz-February-20-2024"]
[Site "Chess.com"]
[Date "2024.02.20"]
[Round "5"]
[White "Eagle_2019"]
[Black "mishanick"]
[Result "1-0"]
[WhiteElo "2888"]
[BlackElo "3042"]
[TimeControl "180+1"]
[EndTime "8:56:50 PST"]
[Termination "Eagle_2019 won by checkmate"]

1. c4 e6 2. Nc3 d5 3. d4 Nf6 4.
Nf3 Nbd7 5. cxd5 exd5 6. Bf4 c6 7. Qc2 Nh5 8. Bd2 Be7 9. e3 O-O 10. Bd3 g6 11. O-O Re8 12. Rab1 a5 13. a3 Bd6 14. b4 axb4 15. axb4 Ndf6 16. b5 Bg4 17. Ne5 Bxe5 18. dxe5 Rxe5 19. bxc6 bxc6 20. Na4 Rc8 21. Bc3 Re8 22.
Bd4 Ne4 23. f3 c5 24. Ba1 Qg5 25. fxe4 Qxe3+ 26. Qf2 Qxf2+ 27. Rxf2 dxe4 28. Bc4 Be6 29. Bxe6 Rxe6 30. Nxc5 e3 31. Rf3 Re7 32. Nd3 f5 33. Re1 Rd8 34. Rfxe3 Rxe3 35. Rxe3 Rb8 36. Re1 Kf7 37.
Ne5+ Kg8 38. Nd7 Rb7 39. Nf6+ Nxf6 40. Bxf6 Kf7 41. Bg5 Rd7 42. h3 Rb7 43. Kh2 Rd7 44. Kg3 Rd3+ 45. Re3 Rd7 46. Kf3 Rb7 47. Rd3 Kg7 48.
Bf4 Kf6 49. Bd2 Kg7 50. Bc3+ Kh6 51. Bf6 Rf7 52. Rd6 Rb7 53. Rd3 Kh5 54. g4+ Kh6 55.
gxf5 gxf5 56. Kf4 Kg6 57. Bd4 Rd7 58. Rg3+ Kh5 59. Bf6 Rd5 60. Rg5+ Kh6 61. Bg7# 1-0

[Event "Early-Titled-Tuesday-Blitz-February-20-2024"]
[Site "Chess.com"]
[Date "2024.02.20"]
[Round "5"]
[White "DreamsAreFake"]
[Black "TokChess"]
[Result "1-0"]
[WhiteElo "2755"]
[BlackElo "2543"]
[TimeControl "180+1"]
[EndTime "8:56:51 PST"]
[Termination "DreamsAreFake won by checkmate"]

1. Nf3 d5 2. g3 Nf6 3. Bg2 c6 4.
O-O Bg4 5. b3 e6 6. Bb2 a5 7. a4 Be7 8. d3 O-O 9. Nbd2 h6 10. h3 Bh5 11. e4 Na6 12. Qe2 Nb4 13.
c3 dxe4 14. dxe4 Bxf3 15. Bxf3 Nd3 16. Nc4 Nxb2 17. Qxb2 Qd3 18. Kg2 Qd8 19. Rfd1 Qc7 20. b4 axb4 21. cxb4 Rfd8 22. Rdc1 Rd3 23. Ne5 Rdd8 24.
a5 Rac8 25. a6 Qb6 26. axb7 Qxb7 27. Rab1 Qb6 28. h4 Nd7 29. Nc4 Qb8 30. Rc2 Bf6 31. Qb3 Ne5 32. Na5 Rd4 33. Nc4 Nxc4 34. Rxc4 Rxc4 35. Qxc4 Qb5 36. Qc2 Be7 37. Be2 Qb6 38.
b5 Rc7 39. Qa4 cxb5 40. Rxb5 Qd6 41. e5 Qd8 42. Bf3 Rc8 43. Be4 Rb8 44. Ra5 Qc7 45. Bc2 Qb7+ 46. Kh2 Bf8 47. Qc4 Qb6 48. Ra6 Qxf2+ 49. Kh3 Qg1 50. Qe4 Qc5 51. Qh7# 1-0

[Event "Early-Titled-Tuesday-Blitz-February-20-2024"]
[Site "Chess.com"]
[Date "2024.02.20"]
[Round "5"]
[White "ajedrez-facil"]
[Black "JoliyRoger"]
[Result "0-1"]
[WhiteElo "2243"]
[BlackElo "2537"]
[TimeControl "180+1"]
[EndTime "8:56:51 PST"]
[Termination "JoliyRoger won by resignation"]

1. e4 c6 2. d4 d5 3. exd5 cxd5 4. Bd3 Nc6 5. Nf3 Nf6 6. Bg5 Bg4 7. c3 e6 8. Nbd2 Bd6 9. h3 Bh5 10. Rc1 Bg6 11. Bxg6 hxg6 12. Qe2 Qc7 13. Nf1 O-O 14. Bh4 Ne4 15. N3d2 Bf4 16. Rd1 Nxd2 17. Nxd2 g5 18.
Bg3 Bxg3 19. fxg3 Qxg3+ 20. Qf2 Qxf2+ 21. Kxf2 f6 22. Rhe1 Rfe8 23. Re2 Kf7 24. Rde1 Rad8 25. Nb3 b6 26. Nc1 Na5 27. Nd3 Nc4 28. Nb4 Rc8 29.
a3 Nd6 30. Kf3 a5 31. Nd3 Ne4 32. Nf2 Nd6 33. Nd3 Rc6 34. Rf2 Ne4 35. Rfe2 Rb8 36. Nf2 Nxf2 37. Kxf2 b5 38. Ke3 b4 39. axb4 axb4 40.
Kd3 bxc3 41. bxc3 Rb3 42. Rc2 f5 43. Ra1 Rc7 44. Ra6 Kf6 45. Ra8 Rb6 46. Re8 Rbc6 47. Rf8+ Ke7 48. Rg8 Kf7 49. Ra8 Rb6 50. g4 f4 51. Ra1 Rcb7 52. Re2 Rb2 53. Re5 Rh2 54.
Rae1 Rbb2 55. R1e2 Rxh3+ 0-1

[Event "Early-Titled-Tuesday-Blitz-February-20-2024"]
[Site "Chess.com"]
[Date "2024.02.20"]
[Round "5"]
[White "MaxLeto"]
[Black "picturesquecheck"]
[Result "0-1"]
[WhiteElo "2557"]
[BlackElo "2441"]
[TimeControl "180+1"]
[EndTime "8:56:52 PST"]
[Termination "picturesquecheck won by checkmate"]

1. g4 d5 2. Bg2 c6 3. h3 e5 4. d4 e4 5. c4 Bb4+ 6. Nc3 Ne7 7.
Qb3 Bxc3+ 8. Qxc3 O-O 9. Bg5 f6 10. Bf4 Kh8 11. e3 Be6 12. Ne2 Nd7 13. Qb3 b6 14. Bd6 Re8 15. Nf4 Bf7 16. Bxe7 Qxe7 17.
cxd5 cxd5 18. O-O-O Qd6 19. Kb1 a5 20. Rc1 Rec8 21. a3 Nf8 22. Bxe4 g5 23. Ne2 a4 24. Qa2 b5 25. Bf5 Rc4 26. Ng3 b4 27. Bd3 b3 28. Qa1 Rxc1+ 29. Rxc1 Be6 30. Rc3 Rc8 31. Kc1 Rxc3+ 32. bxc3 Ng6 33. Kb2 Ne7 34. Qc1 Nc6 35. c4 dxc4 36. Bxc4 Na5 37. Bxe6 Qxe6 38. Qc5 Nc4+ 39.
Kc3 Nd6 40. Nf5 Ne4+ 41. Kb2 Nxc5 42. dxc5 Qe5+ 43. Nd4 Qxc5 44. h4 gxh4 45. g5 fxg5 46. f4 h3 47. fxg5 h2 48. g6 h1=Q 49. g7+ Kxg7 50.
Nf5+ Kg6 51. Nh4+ Qxh4 52. e4 Qc2+ 53. Ka1 Qe1# 0-1

[Event "Early-Titled-Tuesday-Blitz-February-20-2024"]
[Site "Chess.com"]
[Date "2024.02.20"]
[Round "5"]
[White "Zhigalko_Sergei"]
[Black "Mops_2004"]
[Result "1-0"]
[WhiteElo "2934"]
[BlackElo "2721"]
[TimeControl "180+1"]
[EndTime "8:56:53 PST"]
[Termination "Zhigalko_Sergei won on time"]

1. e4 c6 2. d4 d5 3. e5 Bf5 4. Nf3 e6 5. Be2 Nd7 6. O-O a5 7.
Nbd2 a4 8. c4 h6 9. a3 Ne7 10.
Re1 Bg6 11. Bf1 Nf5 12. cxd5 cxd5 13. Bb5 Qa5 14. Qe2 Ne7 15. Nb1 Nc6 16. Nc3 Nb6 17.
Bd2 Qa7 18. Nh4 Bh7 19. Rac1 Be7 20. Qg4 Bxh4 21. Qxh4 O-O 22. Re3 Bg6 23. Rh3 h5 24.
g4 Nc4 25. Bxc4 dxc4 26. Be3 Qb8 27. gxh5 Bf5 28. Rg3 Kh7 29. Kh1 Rg8 30. Rcg1 Qd8 31. Qf4 Qf8 32. d5 Na5 33. d6 f6 34. f3 Qf7 35. Bd4 Qxh5 36. exf6 gxf6 37. Bxf6 Rxg3 38.
Rxg3 Rg8 39. Rxg8 Kxg8 40. Qg3+ Bg6 41. d7 Nc6 42. d8=Q+ Nxd8 43. Bxd8 Qf5 44. Ne4 Kf8 45.
Bc7 Qd5 46. Qxg6 Qd1+ 47. Kg2 Qc2+ 48. Kg3 Qd1 49. Bd6+ 1-0

[Event "Early-Titled-Tuesday-Blitz-February-20-2024"]
[Site "Chess.com"]
[Date "2024.02.20"]
[Round "5"]
[White "SirStrateg"]
[Black "Rakhmanov_Aleksandr"]
[Result "0-1"]
[WhiteElo "2649"]
[BlackElo "2874"]
[TimeControl "180+1"]
[EndTime "8:56:53 PST"]
[Termination "Rakhmanov_Aleksandr won on time"]

1. d4 Nf6 2. Bg5 Ne4 3. Bf4 d6 4. f3 Nf6 5. e4 e5 6. dxe5 Nh5 7. Qd2 Nxf4 8. Qxf4 Nc6 9. exd6 Bxd6 10. Qd2 O-O 11.
Nc3 Be6 12. Bd3 Qh4+ 13. Qf2 Qg5 14. g3 Bc5 15. Qg2 Rad8 16. f4 Qh5 17. f5 Nb4 18. Qe2 Qh6 19. fxe6 fxe6 20. Nf3 Rf7 21. Rf1 Rdf8 22. a3 Nc6 23. Qd2 Be3 24. Qg2 Nd4 25.
Nxd4 Rxf1+ 26. Bxf1 Bxd4 27. Nd1 Qg5 28. Bc4 Qe5 29. c3 Bb6 30. Kd2 Qg5+ 31. Kc2 Kh8 32. Bd3 c6 33. Qe2 Qe5 34. Rc1 a5 35. Kb1 Bc5 36.
Bc2 b5 37. Bb3 b4 38. cxb4 axb4 39.
axb4 Bxb4 40. Nc3 Bc5 41. Qc4 Bd4 42. Qxe6 Qg5 43. Qc4 c5 44. Nd5 Rb8 45. Nf4 h5 46. Ne6 Qg4 47. Nxd4 cxd4 48. Bc2 Qf3 0-1

[Event "Early-Titled-Tuesday-Blitz-February-20-2024"]
[Site "Chess.com"]
[Date "2024.02.20"]
[Round "5"]
[White "IriBu"]
[Black "ContrVersia"]
[Result "0-1"]
[WhiteElo "2586"]
[BlackElo "2836"]
[TimeControl "180+1"]
[EndTime "8:56:53 PST"]
[Termination "ContrVersia won on time"]

1. e4 c5 2. Nc3 Nc6 3. g3 g6 4. Bg2 Bg7 5. Nge2 d6 6. d3 Rb8 7. a4 a6 8. Be3 Nd4 9. Qd2 b5 10. axb5 axb5 11. Nd1 e5 12. O-O h5 13. h3 Ne7 14. Ra7 Nec6 15. Ra3 Bxh3 16. Bxd4 Bxg2 17.
Kxg2 exd4 18. f4 h4 19. Rh1 hxg3 20. Rxh8+ Bxh8 21. Nxg3 Ra8 22. Rxa8 Qxa8 23. Nf2 Qd8 24. Qe1 Qh4 25. Nh3 Nb4 26. Qe2 Kf8 27. Qf2 Bg7 28. Qd2 Bh6 29. c3 Nc6 30. b4 Qf6 31. e5 dxe5 32.
Ne4 Qf5 33. bxc5 Qg4+ 34. Kh2 dxc3 35. Qxc3 Bxf4+ 36. Nxf4 Qxf4+ 37. Kg2 f5 38. Qa3 fxe4 39. Qa8+ Kg7 40. Qb7+ Kh6 41. Qxc6 Qf3+ 42. Kh2 Qe2+ 43. Kg1 exd3 44. Qh1+ Kg5 45. Qh8 Qe3+ 46. Kg2 Qxc5 47.
Qd8+ Kf5 48. Qxd3+ e4 49. Qd7+ Ke5 50. Qe8+ Kd4 51.
Qxg6 e3 52. Qf6+ Kc4 53. Qf4+ Kb3 54. Kf1 Qc1+ 55. Kg2 Qc2+ 56. Kh3 e2 57. Qe3+ Qc3 0-1

[Event "Early-Titled-Tuesday-Blitz-February-20-2024"]
[Site "Chess.com"]
[Date "2024.02.20"]
[Round "5"]
[White "LiamPutnam2008"]
[Black "FARIZA2018"]
[Result "0-1"]
[WhiteElo "2783"]
[BlackElo "2585"]
[TimeControl "180+1"]
[EndTime "8:56:54 PST"]
[Termination "FARIZA2018 won on time"]

1. a3 e5 2. c4 Nf6 3. e3 d5 4. cxd5 Nxd5 5. Qc2 Be7 6. Nf3 Qd6 7. b3 O-O 8. Bb2 Nd7 9. Nc3 Nxc3 10. dxc3 Nf6 11.
Rd1 Qe6 12. c4 e4 13. Nd4 Qb6 14. Be2 c5 15. Nb5 Bf5 16. O-O Rad8 17. Be5 Qe6 18. Qc3 a6 19. Nc7 Qc6 20. Nd5 Nxd5 21. cxd5 Qg6 22.
d6 Bxd6 23. Bxd6 Rxd6 24. Qxc5 Bh3 25. g3 Rc6 26. Qb4 Bxf1 27. Bxf1 b5 28. a4 bxa4 29. bxa4 h6 30. Rd4 f5 31. Bc4+ Rxc4 32. Qxc4+ Kh7 33. Qc5 Rb8 34. Rd1 Qg4 35. Rf1 Rb2 36. a5 Rb5 37. Qc7 h5 38. h4 Qf3 39. Qc3 Qe2 40. Re1 Qa2 41. Ra1 Qd5 42. Kg2 Rc5 43. Qb4 Rc2 44. Qb6 Rc6 45. Qb8 Rc2 46. Qe8 f4 47.
gxf4 Qf5 48. Qe5 Qg4+ 49. Kf1 Qe2+ 0-1

[Event "Early-Titled-Tuesday-Blitz-February-20-2024"]
[Site "Chess.com"]
[Date "2024.02.20"]
[Round "5"]
[White "VitaliyBernadskiy"]
[Black "IMRosen"]
[Result "1-0"]
[WhiteElo "2875"]
[BlackElo "2661"]
[TimeControl "180+1"]
[EndTime "8:56:58 PST"]
[Termination "VitaliyBernadskiy won by resignation"]

1. e4 c5 2. Nf3 Nc6 3. Nc3 g6 4.
d4 cxd4 5. Nxd4 Bg7 6. Nb3 Nf6 7. Be2 O-O 8. Bg5 d6 9. Qd2 Re8 10. Bh6 Bh8 11. f3 Be6 12. Rd1 Qc8 13. h4 Ne5 14. Nd4 Nc4 15. Qc1 Bd7 16. h5 b5 17. hxg6 hxg6 18. Kf2 Qc5 19. Bxc4 bxc4 20. Be3 Qa5 21.
Rh2 Bg7 22. Bh6 Bh8 23. Rdh1 e5 24. Nde2 Nh5 25. Rxh5 f6 26. R5h2 Kf7 27. Be3 Bg7 28. Rh7 Rg8 29. Qd2 Qc7 30. Qd5+ Be6 31. Rxg7+ Kxg7 32. Qxe6 Rh8 33. Rxh8 Rxh8 34. Qxf6+ Kxf6 35. Nd5+ Kf7 36. Nxc7 Rb8 37. b3 cxb3 38. axb3 a5 39. Nd5 Ra8 40.
Nec3 Rc8 41. Ke2 Rh8 42. Nb6 Rh1 43. Kf2 Ke6 44. Nc4 Ra1 45. Na4 d5 46. exd5+ Kxd5 47.
Nd2 Ra2 48. c3 g5 49. Bxg5 Ke6 50. Be3 Kf5 51. g4+ Ke6 52. Ke2 Ra1 53. Kd3 Rh1 54.
Ke4 Rh8 55. Nc4 Rh1 56. Nc5+ Kf7 57. Nxe5+ Kg7 58. Ne6+ Kf6 59. Nf4 Rb1 60. Nd5+ Ke6 61. f4 Rxb3 62. f5+ Kd6 63. Nc4+ Kc6 64. Nxa5+ Kb5 65. Nxb3 Kc4 66. Nd2+ Kb5 67. f6 1-0